TOP OF THE 1ST |
St. Louis Cardinals batting - Pitching for Miami Marlins : RHP Alex Mora
|
Pitching: RHP Alex Mora
|
|
Batting: RHB Rick O'Reilly
|
0-0: Ball 1-0: Foul Ball, location: 2F 1-1: Ball 2-1: Ball 3-1: Fly out, F8 (Flyball, 8LD, EV 101.2 MPH)
|
Batting: LHB Zack Berney
|
0-0: Ball 1-0: Foul Ball, location: 2F 1-1: Swinging Strike 1-2: Ball 2-2: Ball 3-2: Foul Ball, location: 2F 3-2: Base on Balls
|
Batting: SHB Antoine Roux
|
0-0: Called Strike 0-1: Called Strike 0-2: Foul Ball, location: 2F 0-2: Ball 1-2: Grounds into double play, 4-6-3 (Groundball, 4, EV 79.4 MPH)
|
Top of the 1st over - 0 runs, 0 hits, 0 errors, 0 left on base; St. Louis 0 - Miami 0 |
BOTTOM OF THE 1ST |
Miami Marlins batting - Pitching for St. Louis Cardinals : LHP Nick Martin
|
Pitching: LHP Nick Martin
|
|
Batting: RHB Jeff Garofalo
|
0-0: Swinging Strike 0-1: Swinging Strike 0-2: Ground out 4-3 (Groundball, 34, EV 105.6 MPH)
|
Batting: RHB Micah Christopher
|
0-0: Foul Ball, location: 2F 0-1: Called Strike 0-2: Foul Ball, location: 2F 0-2: Ground out 6-3 (Groundball, 6, EV 85.0 MPH)
|
Batting: RHB Jimmy Groseclose
|
0-0: Foul Ball, location: 2F 0-1: DOUBLE (Line Drive, 89M, EV 108.8 MPH)
|
Batting: RHB Seth Tramontano
|
0-0: Called Strike 0-1: Called Strike 0-2: TRIPLE (Flyball, 7LD, EV 91.2 MPH) Jimmy Groseclose scores
|
Batting: RHB Steve Barnard
|
0-0: Ball 1-0: Ball 2-0: Foul Ball, location: 2F 2-1: Foul Ball, location: 2F 2-2: Strikes out swinging
|
Bottom of the 1st over - 1 run, 2 hits, 0 errors, 1 left on base; St. Louis 0 - Miami 1 |
TOP OF THE 2ND |
St. Louis Cardinals batting - Pitching for Miami Marlins : RHP Alex Mora
|
Batting: LHB Tommy Luce
|
0-0: Called Strike 0-1: Called Strike 0-2: Ball 1-2: Ball 2-2: Ball 3-2: Base on Balls
|
Batting: LHB John Blair
|
0-0: Ball Tommy Luce steals 2nd base 1-0: Fly out, F7 (Flyball, 7S, EV 85.6 MPH)
|
Batting: RHB Bobby Scholl
|
0-0: Ball 1-0: Called Strike 1-1: Foul Ball, location: 2F 1-2: Strikes out swinging
|
Batting: LHB Ben Rubenacker
|
0-0: SINGLE (Line Drive, 7S, EV 92.5 MPH) Tommy Luce to third Runner from 3rd tries for Home, SAFE, throw by LF to home
|
Batting: RHB Sergio Godinez
|
0-0: Ground out 4-3 (Groundball, 34, EV 100.6 MPH)
|
Top of the 2nd over - 1 run, 1 hit, 0 errors, 1 left on base; St. Louis 1 - Miami 1 |
BOTTOM OF THE 2ND |
Miami Marlins batting - Pitching for St. Louis Cardinals : LHP Nick Martin
|
Batting: RHB Josh Crenwelge
|
0-0: Fly out, F3 (Flyball, 3D, EV 85.0 MPH)
|
Batting: RHB Tommy Hughes
|
0-0: Ball 1-0: Called Strike 1-1: SINGLE (Groundball, 34D, EV 108.8 MPH)
|
Batting: LHB Luis Aguilar
|
0-0: Ball 1-0: Fly out, F7 (Flyball, 7D, EV 86.2 MPH)
|
Batting: RHB Eric Jordan
|
0-0: Called Strike 0-1: Ground out 5-3 (Groundball, 56S, EV 78.8 MPH)
|
Bottom of the 2nd over - 0 runs, 1 hit, 0 errors, 1 left on base; St. Louis 1 - Miami 1 |
TOP OF THE 3RD |
St. Louis Cardinals batting - Pitching for Miami Marlins : RHP Alex Mora
|
Batting: RHB Dustin Clark
|
0-0: Foul Ball, location: 2F 0-1: Called Strike 0-2: Ball 1-2: Fly out, F9 (Flyball, 9S, EV 77.5 MPH)
|
Batting: RHB Rick O'Reilly
|
0-0: Called Strike 0-1: Called Strike 0-2: Strikes out swinging
|
Batting: LHB Zack Berney
|
0-0: Ball 1-0: Foul Ball, location: 2F 1-1: Foul Ball, location: 2F 1-2: SOLO HOME RUN (Flyball, 9D, EV 99.4 MPH), Distance : 387 ft
|
Batting: SHB Antoine Roux
|
0-0: Foul Ball, location: 2F 0-1: Ball 1-1: Foul Ball, location: 2F 1-2: DOUBLE (Flyball, 8LXD, EV 100.0 MPH)
|
Batting: LHB Tommy Luce
|
0-0: Called Strike 0-1: Fly out, F7 (Flyball, 7LS, EV 93.1 MPH)
|
Top of the 3rd over - 1 run, 2 hits, 0 errors, 1 left on base; St. Louis 2 - Miami 1 |
BOTTOM OF THE 3RD |
Miami Marlins batting - Pitching for St. Louis Cardinals : LHP Nick Martin
|
Batting: RHB Jeff Garofalo
|
0-0: Ball 1-0: Called Strike 1-1: Foul Ball, location: 2F 1-2: Foul Ball, location: 2F 1-2: DOUBLE (Groundball, 5L, EV 95.6 MPH)
|
Batting: RHB Micah Christopher
|
0-0: Foul Ball, location: 2F 0-1: Ball 1-1: Fly out, F8 (Flyball, 8LD, EV 89.4 MPH) Runner from 2nd tags up, SAFE at 3rd with throw by CF
|
Batting: RHB Jimmy Groseclose
|
0-0: Called Strike 0-1: Ball 1-1: Swinging Strike 1-2: Strikes out looking
|
Batting: RHB Seth Tramontano
|
0-0: Called Strike 0-1: Ball 1-1: Foul Ball, location: 2F 1-2: Ball 2-2: Ball 3-2: Base on Balls
|
Batting: RHB Steve Barnard
|
0-0: Called Strike 0-1: Foul Ball, location: 2F 0-2: Ball 1-2: Strikes out looking
|
Bottom of the 3rd over - 0 runs, 1 hit, 0 errors, 2 left on base; St. Louis 2 - Miami 1 |
TOP OF THE 4TH |
St. Louis Cardinals batting - Pitching for Miami Marlins : RHP Alex Mora
|
Batting: LHB John Blair
|
0-0: Ball 1-0: Swinging Strike 1-1: SOLO HOME RUN (Flyball, 89XD, EV 104.4 MPH), Distance : 407 ft
|
Batting: RHB Bobby Scholl
|
0-0: SINGLE (Line Drive, 8RS, EV 98.8 MPH)
|
Batting: LHB Ben Rubenacker
|
0-0: Ball 1-0: Called Strike 1-1: Ball 2-1: Ball 3-1: SINGLE (Line Drive, 6MD, EV 97.5 MPH) Bobby Scholl to second
|
Batting: RHB Sergio Godinez
|
0-0: Ball 1-0: SINGLE (Groundball, 6, EV 94.4 MPH) Bobby Scholl to third Ben Rubenacker to second
|
Batting: RHB Dustin Clark
|
0-0: Ball 1-0: Ball 2-0: Fly out, F8 (Flyball, 89D, EV 91.9 MPH) Runner from 3rd tags up, SCORES, throw by CF Ben Rubenacker to third
|
Batting: RHB Rick O'Reilly
|
0-0: Swinging Strike 0-1: Called Strike 0-2: Ball 1-2: SINGLE (Line Drive, 34D, EV 98.8 MPH) Ben Rubenacker scores Sergio Godinez to second
|
Pitching: RHP Jason Davis
|
|
Batting: LHB Zack Berney
|
0-0: Fielders Choice at 2nd, 4-6 (Groundball, 4, EV 85.6 MPH) Sergio Godinez to third
|
Batting: SHB Antoine Roux
|
0-0: Called Strike 0-1: Foul Ball, location: 2F 0-2: Ball 1-2: Ball 2-2: Ball Wild Pitch! Sergio Godinez scores Zack Berney to second 3-2: Strikes out looking
|
Top of the 4th over - 4 runs, 5 hits, 0 errors, 1 left on base; St. Louis 6 - Miami 1 |
BOTTOM OF THE 4TH |
Miami Marlins batting - Pitching for St. Louis Cardinals : LHP Nick Martin
|
Batting: RHB Josh Crenwelge
|
0-0: Ball 1-0: Ball 2-0: Called Strike 2-1: Foul Ball, location: 2F 2-2: Ball 3-2: Foul Ball, location: 2F 3-2: SINGLE (Groundball, 4S, EV 69.4 MPH) (infield hit)
|
Batting: RHB Tommy Hughes
|
0-0: Ball 1-0: Grounds into double play, 6-4-3 (Groundball, 6, EV 86.2 MPH)
|
Batting: LHB Luis Aguilar
|
0-0: Ground out 4-3 (Groundball, 4, EV 80.0 MPH)
|
Bottom of the 4th over - 0 runs, 1 hit, 0 errors, 0 left on base; St. Louis 6 - Miami 1 |
TOP OF THE 5TH |
St. Louis Cardinals batting - Pitching for Miami Marlins : RHP Jason Davis
|
Batting: LHB Tommy Luce
|
0-0: Called Strike 0-1: Called Strike 0-2: DOUBLE (Line Drive, 7LS, EV 93.8 MPH)
|
Batting: LHB John Blair
|
0-0: Foul Ball, location: 2F 0-1: Called Strike 0-2: Ball 1-2: Foul Ball, location: 2F 1-2: Ground out 4-3 (Groundball, 4, EV 94.4 MPH) Tommy Luce to third
|
Batting: RHB Bobby Scholl
|
0-0: Ball 1-0: Ball 2-0: Ground out 5-3 (Groundball, 56, EV 103.8 MPH) Tommy Luce scores
|
Batting: LHB Ben Rubenacker
|
0-0: Called Strike 0-1: Fly out, F7 (Flyball, 78S, EV 95.6 MPH)
|
Top of the 5th over - 1 run, 1 hit, 0 errors, 0 left on base; St. Louis 7 - Miami 1 |
BOTTOM OF THE 5TH |
Miami Marlins batting - Pitching for St. Louis Cardinals : LHP Nick Martin
|
Batting: RHB Eric Jordan
|
0-0: Ball 1-0: Swinging Strike 1-1: Ball 2-1: Swinging Strike 2-2: Foul Ball, location: 2F 2-2: Foul Ball, location: 2F 2-2: Ball 3-2: Base on Balls
|
Batting: RHB Jeff Garofalo
|
0-0: Foul Ball, location: 2F 0-1: Fielders Choice at 2nd, 4-6 (Groundball, 34D, EV 91.9 MPH)
|
Batting: RHB Micah Christopher
|
0-0: Ball 1-0: Called Strike 1-1: Grounds into double play, 6-4-3 (Groundball, 6, EV 100.0 MPH)
|
Bottom of the 5th over - 0 runs, 0 hits, 0 errors, 0 left on base; St. Louis 7 - Miami 1 |
TOP OF THE 6TH |
St. Louis Cardinals batting - Pitching for Miami Marlins : RHP Jason Davis
|
Batting: RHB Sergio Godinez
|
0-0: Called Strike 0-1: SINGLE (Line Drive, 89S, EV 88.1 MPH)
|
Batting: RHB Dustin Clark
|
0-0: Fielders Choice at 2nd, 2-4 (Groundball, 15S, EV 61.9 MPH)
|
Batting: RHB Rick O'Reilly
|
0-0: Ball 1-0: Called Strike 1-1: SINGLE (Groundball, 4M, EV 104.4 MPH) (infield hit) Dustin Clark to second
|
Batting: LHB Zack Berney
|
0-0: Swinging Strike 0-1: Called Strike Dustin Clark is caught stealing 3rd base 2-5 0-2: Ball 1-2: Ball Rick O'Reilly steals 2nd base (no throw) 2-2: DOUBLE (Line Drive, 78D, EV 103.1 MPH) Rick O'Reilly scores
|
Batting: SHB Antoine Roux
|
0-0: Fly out, F7 (Line Drive, 7, EV 103.1 MPH)
|
Top of the 6th over - 1 run, 3 hits, 0 errors, 1 left on base; St. Louis 8 - Miami 1 |
BOTTOM OF THE 6TH |
Miami Marlins batting - Pitching for St. Louis Cardinals : LHP Nick Martin
|
Batting: RHB Jimmy Groseclose
|
0-0: Called Strike 0-1: Called Strike 0-2: Ball 1-2: Ground out 6-3 (Groundball, 6, EV 103.1 MPH)
|
Batting: RHB Seth Tramontano
|
0-0: Ground out 6-3 (Groundball, 6, EV 98.1 MPH)
|
Batting: RHB Steve Barnard
|
0-0: Ball 1-0: Called Strike 1-1: Called Strike 1-2: Ball 2-2: Foul Ball, location: 2F 2-2: Ball 3-2: Foul Ball, location: 2F 3-2: Base on Balls
|
Batting: RHB Josh Crenwelge
|
0-0: Called Strike 0-1: Called Strike 0-2: Ball 1-2: Ball 2-2: Ball 3-2: Fly out, F9 (Flyball, 89D, EV 97.5 MPH)
|
Bottom of the 6th over - 0 runs, 0 hits, 0 errors, 1 left on base; St. Louis 8 - Miami 1 |
TOP OF THE 7TH |
St. Louis Cardinals batting - Pitching for Miami Marlins : RHP Jason Davis
|
Batting: LHB Tommy Luce
|
0-0: Foul Ball, location: 2F 0-1: Ball 1-1: Ball 2-1: Ball 3-1: Base on Balls
|
Pitching: LHP Jerry Woods
|
|
Batting: LHB John Blair
|
0-0: Ball 1-0: Ball 2-0: Ball 3-0: Base on Balls Tommy Luce to second
|
Batting: RHB Bobby Scholl
|
0-0: Ball 1-0: Ball 2-0: Ball 3-0: Base on Balls Tommy Luce to third John Blair to second
|
Batting: LHB Ben Rubenacker
|
0-0: SINGLE (Groundball, 4MD, EV 103.8 MPH) Tommy Luce scores John Blair to third Bobby Scholl to second
|
Batting: RHB Sergio Godinez
|
0-0: Ball 1-0: Ball 2-0: Ball 3-0: Base on Balls John Blair scores Bobby Scholl to third Ben Rubenacker to second
|
Batting: RHB Dustin Clark
|
0-0: Called Strike 0-1: Foul Ball, location: 2F 0-2: Ball 1-2: Strikes out swinging
|
Batting: RHB Rick O'Reilly
|
0-0: Called Strike 0-1: Foul Ball, location: 2F 0-2: Strikes out looking
|
Batting: LHB Zack Berney
|
0-0: Called Strike 0-1: Ball 1-1: Called Strike 1-2: Foul Ball, location: 2F 1-2: Strikes out swinging
|
Top of the 7th over - 2 runs, 1 hit, 0 errors, 3 left on base; St. Louis 10 - Miami 1 |
BOTTOM OF THE 7TH |
Miami Marlins batting - Pitching for St. Louis Cardinals : LHP Nick Martin
|
Pitching: RHP Andy Montelongo
|
|
Batting: RHB Tommy Hughes
|
0-0: Ball 1-0: Foul Ball, location: 2F 1-1: Ground out 6-3 (Groundball, 56, EV 101.9 MPH)
|
Batting: LHB Luis Aguilar
|
0-0: Ball 1-0: Ball 2-0: Called Strike 2-1: Called Strike 2-2: Ball 3-2: Base on Balls
|
Batting: RHB Eric Jordan
|
0-0: Ball 1-0: Ball 2-0: Ball 3-0: Called Strike 3-1: Called Strike 3-2: Strikes out swinging Luis Aguilar steals 2nd base (no throw) Batter strikes out.
|
Batting: RHB Jeff Garofalo
|
0-0: Called Strike 0-1: Ball 1-1: Called Strike 1-2: Strikes out looking
|
Bottom of the 7th over - 0 runs, 0 hits, 0 errors, 1 left on base; St. Louis 10 - Miami 1 |
TOP OF THE 8TH |
St. Louis Cardinals batting - Pitching for Miami Marlins : LHP Jerry Woods
|
Batting: SHB Antoine Roux
|
0-0: Ball 1-0: Fly out, F6 (Popup, 6M, EV 53.8 MPH)
|
Batting: LHB Tommy Luce
|
0-0: Called Strike 0-1: Fly out, F9 (Flyball, 9LS, EV 88.1 MPH)
|
Batting: LHB John Blair
|
0-0: Ball 1-0: Swinging Strike 1-1: Called Strike 1-2: Ball 2-2: Fly out, F8 (Flyball, 8LM, EV 95.6 MPH)
|
Top of the 8th over - 0 runs, 0 hits, 0 errors, 0 left on base; St. Louis 10 - Miami 1 |
BOTTOM OF THE 8TH |
Miami Marlins batting - Pitching for St. Louis Cardinals : RHP Andy Montelongo
|
Batting: RHB Micah Christopher
|
0-0: Ball 1-0: Ball 2-0: Ground out 6-3 (Groundball, 6, EV 84.4 MPH)
|
Batting: RHB Jimmy Groseclose
|
0-0: Ball 1-0: Ball 2-0: SINGLE (Groundball, 6MD, EV 105.0 MPH)
|
Pinch Hitting: LHB Andre Gorter
|
0-0: Foul Ball, location: 2F 0-1: Ball 1-1: Ball 2-1: 2-RUN HOME RUN (Flyball, 7LD, EV 95.0 MPH), Distance : 355 ft
|
Batting: RHB Steve Barnard
|
0-0: Ball 1-0: Swinging Strike 1-1: Ball 2-1: Ball 3-1: Base on Balls
|
Batting: RHB Josh Crenwelge
|
0-0: Ball 1-0: Ball 2-0: Called Strike 2-1: Foul Ball, location: 2F 2-2: Ball 3-2: Foul Ball, location: 2F 3-2: Base on Balls Steve Barnard to second
|
Pinch Hitting: LHB Mike Kara
|
0-0: Ball 1-0: Swinging Strike 1-1: Foul Ball, location: 2F 1-2: Foul Ball, location: 2F 1-2: Ball 2-2: Fly out, F5 (Popup, 56S, EV 82.5 MPH)
|
Batting: LHB Luis Aguilar
|
0-0: Foul Ball, location: 2F 0-1: Foul Ball, location: 2F 0-2: Ball 1-2: 3-RUN HOME RUN (Flyball, 9LD, EV 95.6 MPH), Distance : 341 ft
|
Pitching: RHP Josh Sandoval
|
|
Batting: RHB Eric Jordan
|
0-0: Called Strike 0-1: Ball 1-1: Fly out, F9 (Flyball, 9S, EV 88.1 MPH)
|
Bottom of the 8th over - 5 runs, 3 hits, 0 errors, 0 left on base; St. Louis 10 - Miami 6 |
TOP OF THE 9TH |
St. Louis Cardinals batting - Pitching for Miami Marlins : LHP Jerry Woods
|
Pitching: LHP Paul Cantrell
|
|
Now at SS: Roger Salazar
|
|
Now in LF: Mike Kara
|
|
Batting: RHB Bobby Scholl
|
0-0: Called Strike 0-1: Ball 1-1: SOLO HOME RUN (Line Drive, 7LD, EV 106.2 MPH), Distance : 404 ft
|
Batting: LHB Ben Rubenacker
|
0-0: Called Strike 0-1: Foul Ball, location: 2F 0-2: Ground out 6-3 (Groundball, 6, EV 81.2 MPH)
|
Batting: RHB Sergio Godinez
|
0-0: Ball 1-0: Ground out 6-3 (Groundball, P, EV 83.8 MPH)
|
Batting: RHB Dustin Clark
|
0-0: SINGLE (Line Drive, 6MD, EV 95.0 MPH)
|
Batting: RHB Rick O'Reilly
|
0-0: DOUBLE (Line Drive, 7LS, EV 99.4 MPH) Dustin Clark to third Runner from 3rd tries for Home, SAFE, throw by LF to trailing runner, SAFE at third!
|
Batting: LHB Zack Berney
|
0-0: Ball 1-0: Ball 2-0: Ball 3-0: Called Strike 3-1: Foul Ball, location: 2F 3-2: Foul Ball, location: 2F 3-2: Base on Balls
|
Batting: SHB Antoine Roux
|
0-0: Ball 1-0: Swinging Strike 1-1: Ball 2-1: Ball 3-1: Foul Ball, location: 2F 3-2: Ground out 1-3 (Groundball, 13, EV 71.2 MPH)
|
Top of the 9th over - 2 runs, 3 hits, 0 errors, 2 left on base; St. Louis 12 - Miami 6 |
BOTTOM OF THE 9TH |
Miami Marlins batting - Pitching for St. Louis Cardinals : RHP Josh Sandoval
|
Batting: RHB Jeff Garofalo
|
0-0: Called Strike 0-1: Ball 1-1: Ball 2-1: Ball 3-1: Foul Ball, location: 2F 3-2: Foul Ball, location: 2F 3-2: SINGLE (Line Drive, 8LS, EV 103.1 MPH)
|
Batting: RHB Micah Christopher
|
0-0: Ball 1-0: Called Strike 1-1: Ball 2-1: Foul Ball, location: 2F 2-2: Ball 3-2: Foul Ball, location: 2F 3-2: Base on Balls Jeff Garofalo to second
|
Batting: RHB Jimmy Groseclose
|
0-0: Ball 1-0: Grounds into double play, 5-4-3 (Groundball, 56, EV 101.2 MPH) Jeff Garofalo to third
|
Batting: RHB Roger Salazar
|
0-0: Foul Ball, location: 2F 0-1: Ball 1-1: Swinging Strike 1-2: Foul Ball, location: 2F 1-2: Ball 2-2: Ball 3-2: SINGLE (Line Drive, 8RS, EV 105.6 MPH) Jeff Garofalo scores
|
Batting: RHB Steve Barnard
|
0-0: Ball Wild Pitch! Roger Salazar to second 1-0: Ball 2-0: Ball 3-0: SINGLE (Line Drive, 6MD, EV 108.8 MPH) Roger Salazar to third
|
Batting: RHB Josh Crenwelge
|
0-0: Ball 1-0: Fly out, F8 (Flyball, 89D, EV 86.2 MPH)
|
Bottom of the 9th over - 1 run, 3 hits, 0 errors, 2 left on base; St. Louis 12 - Miami 7 |
|